 Dungeon Crawl Stone Soup version 0.27.1 (webtiles) character file.

Game seed: 14763451265586468111

14 horus123 the Skirmisher (level 2, -5/24 HPs)
             Began as a Demonspawn Fighter on Aug 22, 2021.
             Slain by a scorpion (6 damage)
             ... on level 2 of the Dungeon.
             The game lasted 00:02:08 (579 turns).

horus123 the Skirmisher (Demonspawn Fighter)         Turns: 579, Time: 00:02:08

Health: -5/24      AC:  4    Str: 16    XL:     2   Next: 31%
Magic:  2/2        EV:  8    Int:  9    God:
Gold:   6          SH:  9    Dex: 12    Spells: 1/1 levels left

rFire    . . .     SeeInvis .   a - +0 long sword
rCold    . . .     Faith    .   c - +1 kite shield
rNeg     . . .     Spirit   .   j - +0 leather armour
rPois    .         Reflect  .   (helmet restricted)
rElec    .         Harm     .   (no cloak)
rCorr    .         Rampage  .   (no gloves)
Will     .....                  b - +0 pair of boots
Stlth    +.........             (no amulet)
HPRegen  0.08/turn              (no ring)
MPRegen  0.08/turn              (no ring)

@: mighty, lethally poisoned (-5 -> -7)
A: antennae 1
a: no special abilities


You were on level 2 of the Dungeon.
You visited 1 branch of the dungeon, and saw 2 of its levels.

You collected 6 gold pieces.

Inventory:

Hand Weapons
 a - a +0 long sword (weapon)
 e - a +0 rapier
Armour
 b - a +0 pair of boots (worn)
 c - a +1 kite shield (worn)
 j - a +0 leather armour (worn)
Magical Staves
 i - a staff of fire
Potions
 h - a potion of degeneration {unknown}


   Skills:
 * Level 3.3 Fighting
 + Level 1.9 Long Blades
 + Level 2.9 Armour
 + Level 2.8 Shields
 * Level 0.1 Spellcasting


You had one spell level left.
You didn't know any spells.
Your spell library contained the following spells:

 Spells                   Type           Power      Damage    Failure   Level
 Ignite Poison            Fire/Tmut/Pois 0%         N/A       100%        3
 Mephitic Cloud           Conj/Pois/Air  0%         N/A       100%        3
 Bolt of Magma            Conj/Fire/Erth 0%         4d4       100%        5


Dungeon Overview and Level Annotations

Branches:
Dungeon (2/15)

Altars:


Innate Abilities, Weirdness & Mutations

You have a pair of small antennae on your head.


Message History

The endoplasm quivers.
There is a stone staircase leading up here.
An endoplasm is nearby!
The endoplasm barely misses you.
You hit the endoplasm.
The endoplasm is almost dead.
The endoplasm closely misses you.
You slash the endoplasm!
You kill the endoplasm!
No target in view!
There is a stone staircase leading up here.
You sense a monster nearby.
No target in view!
No target in view!
A scorpion comes into view.
The scorpion stings you.
You hit the scorpion but do no damage. You block the scorpion's attack. x2
You hit the scorpion but do no damage.
The scorpion stings you but does no damage.
The scorpion stings you.
You are poisoned.
The scorpion poisons you!
You hit the scorpion but do no damage.
You feel very sick. The scorpion closely misses you. The scorpion stings you.
You feel very mighty all of a sudden.
You feel sick. The scorpion stings you.
* * * LOW HITPOINT WARNING * * *
You slash the scorpion!
The scorpion is moderately wounded.
* * * LOW HITPOINT WARNING * * *
You feel sick.
The scorpion stings you but does no damage.
The scorpion stings you.
* * * LOW HITPOINT WARNING * * *
You barely miss the scorpion.
The scorpion is moderately wounded.
* * * LOW HITPOINT WARNING * * *
You feel sick. The scorpion stings you.
You die...

#####
##...##
#.♣.♣.#
#..<..#
#.♣.♣.#
##...##
#.♣##.##♣.#
#.s@....#
#########


You could see a scorpion.

Vanquished Creatures
  2 endoplasms
  A goblin (D:1)
  4 jackals (D:1)
  2 ball pythons (D:1)
  A frilled lizard (D:1)
  A kobold (D:1)
  2 rats (D:1)
13 creatures vanquished.

Notes
Turn   | Place    | Note
-------+----------+-------------------------------------------
     0 | D:1      | horus123 the Demonspawn Fighter began the quest for the
                  | Orb.
     0 | D:1      | Reached XP level 1. HP: 18/18 MP: 1/1
   359 | D:1      | Found a faded altar of an unknown god.
   450 | D:1      | Gained mutation: You have a pair of small antennae on your
                  | head. [demonic ancestry]
   450 | D:1      | Reached XP level 2. HP: 23/24 MP: 2/2
   572 | D:2      | Noticed a scorpion
   579 | D:2      | HP: 1/24 [poisoned by a scorpion]
   579 | D:2      | Slain by a scorpion

Illustrated notes

Levels and vault maps discovered:
D:1:      pf_arrival_petrified_forest, layout_rooms,
          shapermc_ecumenical_altar_mp_urbaneastern
D:2:      layout_basic, grunt_ministairs_11

Action                   || total
-------------------------++-------
Melee: Long sword        ||    29
  Use: Scroll            ||     2
       Potion            ||     1
Armor: Scale mail        ||    10
       Leather armour    ||     6
Dodge: Dodged            ||    11
Block: Kite shield       ||    16
       Rpst.: Long sword ||     4
